 Dungeon Crawl Stone Soup version 0.19-a0-1895-g783e625 (webtiles) character file.

2499 HEYYEYAAE the Basher (level 9, 0/126 HPs)
             Began as a Troll Berserker on Oct 18, 2016.
             Was an Elder of Trog.
             Slain by a wight
             ... wielding a +3 spear
              (5 damage)
             ... on level 7 of the Dungeon.
             The game lasted 00:09:37 (5382 turns).

HEYYEYAAE the Basher (Troll Berserker)              Turns: 5382, Time: 00:09:38

Health: 0/126      AC:  7    Str: 35    XL:     9   Next: 28%
Magic:  8/8        EV:  9    Int: -1    God:    Trog [****..]
Gold:   305        SH:  0    Dex:  9    Spells: 0 memorised, 8 levels left

rFire  . . .     SeeInvis .     z - +0 scythe (venom)
rCold  + . .     Gourm    +     b - +0 animal skin
rNeg   . . .     Faith    .     (shield currently unavailable)
rPois  .         Spirit   .     (helmet restricted)
rElec  .         Reflect  .     D - +1 cloak
rCorr  .         Harm     .     (gloves unavailable)
MR     ++...                    (boots unavailable)
Stlth  ..........               (no amulet)
                                (no ring)
                                (no ring)

@: berserking, regenerating, slowed, lost intelligence, very heavily drained
A: unfitting armour, claws 3, hooves 1, blink, cold resistance 1, dopey 2, fast
metabolism 3, gourmand, regeneration 1, screaming 1, shaggy fur 1, tough skin 2
a: Blink, Berserk, Trog's Hand, Brothers in Arms, Burn Spellbooks, Renounce
Religion


You were on level 7 of the Dungeon.
You worshipped Trog.
Trog was greatly pleased with you.
You were very hungry.

You visited 1 branch of the dungeon, and saw 7 of its levels.

You collected 305 gold pieces.

Inventory:

Hand Weapons
 q - a +0 giant club
 x - a +2 whip of flaming
 z - a +0 scythe of venom (weapon)
Armour
 b - a +0 animal skin (worn)
 D - a +1 cloak (worn)
Jewellery
 h - a +4 amulet of reflection {unknown}
 j - an uncursed ring of wizardry {unknown}
Wands
 e - a wand of iceblast (2/15)
 g - a wand of digging (10/24)
 s - a wand of slowing (26/48)
 v - a wand of iceblast (6/15)
 w - a wand of iceblast (7/15)
 B - a wand of iceblast (3/15)
Scrolls
 d - 3 scrolls of fog {unknown}
 k - 2 scrolls of enchant armour {unknown}
 m - 3 scrolls of recharging {unknown}
 n - 4 scrolls of identify {unknown}
 o - a scroll of magic mapping {unknown}
 p - 2 scrolls of fear {unknown}
 r - a scroll of blinking {unknown}
 y - 5 scrolls of remove curse {unknown}
 A - a scroll of teleportation {unknown}
Potions
 a - a potion of berserk rage
 l - 2 potions of flight {unknown}
 t - 2 potions of lignification
Books
 u - Kikubaaqudgha's Collected Works on Sinister Rites
   (You found it on level 3 of the Dungeon)

   Spells                             Type                      Level
   a - Pain                           Necromancy                   1
   Trog disapproves of the use of such an item.
Comestibles
 c - 4 bread rations
 i - 5 meat rations
 C - a fruit


   Skills:
 - Level 4.0(0.0) Fighting
 * Level 10.6(5.8) Maces & Flails
 - Level 2.1(0.0) Armour
 - Level 3.3(0.0) Dodging


You had 8 spell levels left.
You didn't know any spells.

Dungeon Overview and Level Annotations

Branches:
Dungeon (7/15)             Temple (0/1) D:6

Altars:
Fedhas
Hepliaklqana
Kikubaaqudgha
Makhleb
Nemelex Xobeh
Sif Muna
Vehumet
Xom

Shops:
D:6 %


Innate Abilities, Weirdness & Mutations

You are too large for most types of armour.
You have claws for hands.
Your metabolism is lightning-fast.
You like to eat raw meat.
Your natural rate of healing is unusually fast.
You are covered in fur. (AC +1)
You have very tough skin. (AC +2)
You have large cloven feet.
You can translocate small distances at will.
Your flesh is cold resistant. (rC+)
You are very dopey. (Int -4)
You occasionally shout uncontrollably at your foes.


Message History

* * * LOW HITPOINT WARNING * * *
You feel drained.
* * * LOW HITPOINT WARNING * * *
The wight hits you but does no damage.
The wight hits you from afar with an enchanted spear.
* * * LOW HITPOINT WARNING * * *
You feel drained.
Unknown command.
Unknown command.
Attack whom?
Press: ? - help, Dir - move target cursor, f/p - wight
Aim: a wight, wielding an enchanted spear and wearing a robe (heavily damaged)
You reach to attack!
You hit the wight.
The wight is severely damaged.
The wight hits you from afar with an enchanted spear!
* * * LOW HITPOINT WARNING * * *
You feel drained.
* * * LOW HITPOINT WARNING * * *
The wight hits you from afar with an enchanted spear.
You die...

#. .. .# #.##.# .# ..#..
.. #.#.# .# .. #...# .#
..# #... .# #.# #..##.#.#
#. #.# #.z)@...# # #. #.#
#.z##.### #.#.##.#
#..####
##......#####.>...##
+..............z...######
#.###..####.#.#.........
#.###..# #....+.........
#......# ##.#.#.........
#######.# #.#.#.....$...


You could see 2 wights.

Vanquished Creatures
  Pikel (D:5)
  Sigmund (D:5)
  2 sky beasts (D:5)
  An ogre (D:5)
  2 centaurs
  A bullfrog (D:7)
  A wyvern skeleton (D:6)
  A wight (D:7)
  5 crimson imps (D:5)
  4 gnoll shamans (D:5)
  4 orc priests (D:5)
  2 hounds (D:5)
  5 orc wizards
  A bullfrog skeleton (D:4)
  Jessica (D:3)
  2 iguanas
  Ijyb (D:3)
  5 worker ants
  A hound zombie (D:4)
  2 hound skeletons
  4 adders
  24 gnolls (D:5)
  3 worms
  2 dart slugs
  4 leopard geckos
  21 orcs
  3 ball pythons
  5 giant cockroaches
  10 goblins
  12 hobgoblins
  29 jackals
  6 kobolds
  2 quokkas
  12 bats
  8 frilled lizards
  A jackal skeleton (D:6)
  4 rats
193 creatures vanquished.

Vanquished Creatures (others)
  2 slaves (D:5)
  3 gnolls (D:5)
  4 jackals (D:5)
  A frilled lizard (D:5)
10 creatures vanquished.

Grand Total: 203 creatures vanquished

Notes
Turn   | Place    | Note
-------+----------+-------------------------------------------
     0 | D:1      | HEYYEYAAE the Troll Berserker began the quest for the Orb.
     0 | D:1      | Reached XP level 1. HP: 22/22 MP: 0/0
   115 | D:1      | Reached XP level 2. HP: 20/29 MP: 1/1
   132 | D:1      | Reached skill level 3 in Maces & Flails
   326 | D:1      | Reached ** piety under Trog
   326 | D:1      | Reached XP level 3. HP: 36/36 MP: 2/2
  1084 | D:2      | Reached XP level 4. HP: 44/44 MP: 3/3
  1164 | D:2      | Reached skill level 1 in Armour
  1332 | D:3      | HP: 1/45 [orc/mace (8)]
  1338 | D:3      | Noticed Ijyb
  1351 | D:3      | Killed Ijyb
  1536 | D:3      | Noticed Jessica
  1545 | D:3      | Killed Jessica
  1545 | D:3      | Reached *** piety under Trog
  1545 | D:3      | Reached XP level 5. HP: 49/53 MP: 4/4
  1652 | D:3      | Found an ancient bone altar of Kikubaaqudgha.
  1652 | D:3      | Found a deep blue altar of Sif Muna.
  1655 | D:3      | Found a radiant altar of Vehumet.
  1666 | D:3      | Identified Kikubaaqudgha's Collected Works on Sinister Rites
  1918 | D:3      | Reached skill level 4 in Maces & Flails
  2208 | D:4      | Reached XP level 6. HP: 57/61 MP: 5/5
  2457 | D:4      | Found a shimmering altar of Xom.
  2698 | D:5      | Entered Level 5 of the Dungeon
  2698 | D:5      | Noticed Pikel
  2698 | D:5      | Noticed a slave
  2698 | D:5      | Noticed a slave
  2698 | D:5      | Noticed a slave
  2698 | D:5      | Noticed a slave
  2707 | D:5      | Killed Pikel
  2707 | D:5      | Reached skill level 6 in Maces & Flails
  2707 | D:5      | Reached XP level 7. HP: 70/70 MP: 6/6
  2711 | D:5      | Reached skill level 7 in Maces & Flails
  2825 | D:5      | Reached XP level 8. HP: 56/78 MP: 7/7
  3063 | D:5      | Reached **** piety under Trog
  3094 | D:5      | Gained mutation: You are dopey. (Int -2) [potion of mutation]
  3094 | D:5      | Lost intelligence.
  3094 | D:5      | Gained mutation: You are very dopey. (Int -4) [potion of mutation]
  3094 | D:5      | Gained mutation: You occasionally shout uncontrollably at your foes. [potion of mutation]
  3139 | D:5      | Reached skill level 8 in Maces & Flails
  3434 | D:5      | Reached skill level 9 in Maces & Flails
  3695 | D:5      | Found a blossoming altar of Fedhas.
  3973 | D:5      | Found a shimmering altar of Xom.
  4071 | D:5      | Reached XP level 9. HP: 44/84 MP: 8/8
  4078 | D:5      | Gained mutation: You have large cloven feet. [mutagenic meat]
  4081 | D:5      | Gained mutation: You can translocate small distances at will. [mutagenic meat]
  4084 | D:5      | Gained mutation: Your flesh is cold resistant. (rC+) [mutagenic meat]
  4201 | D:5      | Noticed Sigmund
  4209 | D:5      | Reached skill level 10 in Maces & Flails
  4211 | D:5      | Killed Sigmund
  4352 | D:5      | Received a gift from Trog
  4548 | D:6      | Found Bugefet's Food Boutique.
  4558 | D:6      | Found a sparkling altar of Nemelex Xobeh.
  4561 | D:6      | Found a burning altar of Makhleb.
  4787 | D:6      | Found a staircase to the Ecumenical Temple.
  4932 | D:6      | Found a hazy altar of Hepliaklqana.
  5382 | D:7      | HP: 5/126 [wight/enchanted spear (5)]
  5382 | D:7      | Slain by a wight

Vault maps used:
D:1:      lightli_arrival_statuegarden
D:3:      grunt_temple_overflow_magic_moments, uniq_jessica, uniq_iyjb
D:4:      xom_butterflies
D:5:      lemuel_castle_with_subvaults, overflow_temple_1_default, first_bread,
          led_xom_imps, uniq_pikel, uniq_sigmund
D:6:      marbit_many_paths, nicolae_overflow_hidden_temple, serial_shops,
          shop_fountains
D:7:      trog_ov_bears_minmay, basic_altar, uniq_crazy_yiuf_cottage,
          uniq_menkaure

Skill      XL: |  1  2  3  4  5  6  7  8  9 |
---------------+----------------------------+-----
Maces & Flails | 3 4 6 7 9 10 | 10.6
Armour         | 1 2 |  2.1
Fighting       | 3 4 |  4.0
Dodging        | 3 |  3.3

Action                   |  1- 3 |  4- 6 |  7- 9 || total
-------------------------+-------+-------+-------++-------
Melee: Mace              |   173 |   253 |     9 ||   435
       Whip              |       |       |   276 ||   276
       Scythe            |       |       |    55 ||    55
       Kick              |       |       |    26 ||    26
Invok: Berserk           |       |     4 |     5 ||     9
       Trog's Hand       |       |     3 |     7 ||    10
Evoke: Wand              |       |       |     4 ||     4
  Use: Potion            |       |     3 |     6 ||     9
       Scroll            |       |       |     2 ||     2
  Eat: Chunk             |    15 |    16 |    33 ||    64
       Beef jerky        |       |       |     3 ||     3
       Fruit             |       |       |     2 ||     2
       Pizza             |       |       |     2 ||     2
Armor: Animal skin       |    93 |   132 |   168 ||   393
       Skin              |       |       |    22 ||    22
Dodge: Dodged            |   166 |   193 |   271 ||   630
